 Dungeon Crawl Stone Soup version 0.23-a0-416-g33f1def (webtiles) character file.

1404 HDogLeCool the Skirmisher (level 8, -6/73 HPs)
             Began as a Red Draconian Skald on Nov 8, 2018.
             Was an Initiate of Gozag.
             Mangled by Edmund
             ... wielding a +2 flail of venom
              (9 damage)
             ... on level 5 of the Dungeon on Nov 9, 2018.
             The game lasted 00:26:36 (6922 turns).

HDogLeCool the Skirmisher (Red Draconian Skald)     Turns: 6922, Time: 00:26:38

Health: -6/73      AC:  8    Str: 12 (13) XL:     8   Next: 42%
Magic:  14/14      EV: 12    Int: 19 (21) God:    Gozag
Gold:   375        SH:  0    Dex: 10 (11) Spells: 12/15 levels left

rFire    + . .     SeeInvis .   a - +0 scimitar
rCold    . . .     Gourm    .   (no shield)
rNeg     . . .     Faith    .   (armour unavailable)
rPois    .         Spirit   .   (helmet restricted)
rElec    .         Reflect  .   p - +1 cloak
rCorr    .         Harm     .   (no gloves)
MR       .....                  (no boots)
Stlth    +.........             (no amulet)
HPRegen  0.22/turn              (no ring)
MPRegen  0.14/turn              (no ring)

@: brilliant, lethally poisoned (-6 -> -12), heavily drained
A: breathe fire, unfitting armour, fire resistance 1, cold-blooded, AC +6
a: Breathe Fire, Potion Petition, Call Merchant, Bribe Branch, Renounce Religion


You were on level 5 of the Dungeon.
You worshipped Gozag.
Gozag was aware of your devotion.
You were not hungry.

You visited 1 branch of the dungeon, and saw 5 of its levels.

You collected 436 gold pieces.
You paid 61 gold pieces to Gozag.

Inventory:

Hand Weapons
 a - a +0 scimitar (weapon)
Missiles
 e - 124 stones (quivered)
Armour
 p - a +1 cloak (worn)
Jewellery
 g - a cursed amulet of inaccuracy {unknown}
 m - an uncursed amulet of faith {unknown}
Wands
 n - a wand of flame (38)
Scrolls
 f - 3 scrolls of enchant weapon {unknown}
 j - a scroll of enchant armour
 k - 3 scrolls of magic mapping {unknown}
 o - 5 scrolls of teleportation {unknown}
 q - 5 scrolls of remove curse {unknown}
 r - 4 scrolls of identify {unknown}
 v - a scroll of amnesia {unknown}
Comestibles
 c - 4 rations


   Skills:
 * Level 7.0(4.6) Fighting
 + Level 4.6(2.4) Long Blades
 + Level 4.3(2.1) Dodging
 - Level 4.0(1.8) Spellcasting
 + Level 4.7(2.5) Charms


You had 12 spell levels left.
You knew the following spells:

 Your Spells              Type           Power        Failure   Level  Hunger
a - Infusion              Chrm           ###.         1%          1    #......
b - Song of Slaying       Chrm           ###.....     1%          2    ###....

Your spell library contained the following spells:

 Spells                   Type           Power        Failure   Level  Hunger
 Shroud of Golubria       Chrm/Tloc      ###.......   1%          2    ###....
 Regeneration             Chrm/Necr      ###.......   3%          3    ###....
 Spectral Weapon          Hex/Chrm       ###.....     3%          3    ###....


Dungeon Overview and Level Annotations

Branches:
Dungeon (5/15)
 Temple: D:4-7

Altars:
Gozag
Makhleb
Sif Muna
Yredelemnul

Annotations:
D:5 Edmund


Innate Abilities, Weirdness & Mutations

You can breathe blasts of fire.
Your fiery red scales are hard. (AC +6)
You cannot fit into any form of body armour.
Your flesh is heat resistant. (rF+)
You are cold-blooded and may be slowed by cold attacks.


Message History

You have got your breath back.
Edmund closely misses you.
You riposte.
You barely miss Edmund.
Edmund is moderately wounded.
You barely miss Edmund.
Edmund is moderately wounded.
Edmund barely misses you.
You riposte.
You hit Edmund.
Edmund is heavily wounded.
Edmund closely misses you.
You hit Edmund.
Edmund is heavily wounded.
Edmund hits you with a +2 flail of venom.
* * * LOW HITPOINT WARNING * * *
You are lethally poisoned!
You slash Edmund!
Edmund is severely wounded.
* * * LOW HITPOINT WARNING * * *
You feel sick.
Edmund hits you with a +2 flail of venom!
You die...
Your body crumbles into a pile of gold.

.........## ##.....#
..........# #..#....#
..........## ##..##...#
......)....## #...###...#
............# #...####..#
....$......## ##......####
...........# ###..>.......
..........)########...#########
.........)))$..@@....##
....########))..#....## ...#
##....#....# ... ##....#...##
..# ###...#...# ##......##
##......## ##......## ##...$..#


You could see Edmund.

Vanquished Creatures
  Duvessa (D:5)
  A sky beast (D:3)
  A phantom (D:4)
  2 ogres
  Dowan (D:5)
  A howler monkey (D:5)
  A bullfrog zombie (D:4)
  A crimson imp (D:5)
  A hound (D:4)
  A jelly (D:4)
  3 orc priests
  Terence (D:3)
  2 iguanas (D:4)
  3 orc wizards
  3 worker ants
  3 hound skeletons
  A howler monkey zombie (D:5)
  8 gnolls (D:5)
  A howler monkey skeleton (D:4)
  11 adders
  3 river rats (D:5)
  2 oozes
  5 worms
  6 dart slugs
  2 leopard geckos
  16 orcs
  5 giant cockroaches
  4 goblins
  6 hobgoblins
  11 jackals
  5 quokkas
  8 bats
  5 frilled lizards
  4 kobolds
  2 leopard gecko skeletons (D:4)
  A quokka zombie (D:5)
  8 rats
140 creatures vanquished.

Vanquished Creatures (others)
  A gnoll shaman (D:5)
  A gnoll (D:5)
2 creatures vanquished.

Grand Total: 142 creatures vanquished

Notes
Turn   | Place    | Note
-------+----------+-------------------------------------------
     0 | D:1      | HDogLeCool the Draconian Skald began the quest for the Orb.
     0 | D:1      | Reached XP level 1. HP: 17/17 MP: 3/3
     0 | D:1      | Upgraded the game from 0.23-a0-414-g0aa8dd0 to
                  | 0.23-a0-416-g33f1def
   452 | D:1      | Reached XP level 2. HP: 25/25 MP: 5/5
  1123 | D:1      | Reached XP level 3. HP: 30/30 MP: 6/6
  1993 | D:2      | Found a basalt altar of Yredelemnul.
  2211 | D:2      | Reached skill level 3 in Fighting
  2436 | D:2      | Reached XP level 4. HP: 26/38 MP: 7/7
  3196 | D:3      | Noticed a sky beast
  3707 | D:3      | Learned a level 2 spell: Song of Slaying
  4334 | D:3      | Killed a sky beast
  4334 | D:3      | Reached skill level 4 in Fighting
  4334 | D:3      | Reached XP level 5. HP: 11/46 MP: 9/9
  4590 | D:3      | Noticed Terence
  4711 | D:3      | Killed Terence
  4952 | D:3      | Reached XP level 6. HP: 38/52 MP: 10/10
  5537 | D:4      | Reached skill level 5 in Fighting
  5537 | D:4      | Your scales start taking on a fiery red colour.
  5537 | D:4      | Reached XP level 7. HP: 46/61 MP: 10/12
  5537 | D:4      | Gained mutation: Your flesh is heat resistant. (rF+) [Red
                  | Draconian growth]
  6444 | D:4      | Found an opulent altar of Gozag.
  6448 | D:4      | Became a worshipper of Gozag Ym Sagoz the Greedy
  6452 | D:4      | Found a burning altar of Makhleb.
  6455 | D:4      | Found a deep blue altar of Sif Muna.
  6488 | D:5      | Entered Level 5 of the Dungeon
  6583 | D:5      | Reached skill level 6 in Fighting
  6687 | D:5      | Noticed Duvessa
  6692 | D:5      | Noticed Dowan
  6696 | D:5      | Reached XP level 8. HP: 62/70 MP: 13/13
  6706 | D:5      | Killed Duvessa
  6727 | D:5      | Killed Dowan
  6888 | D:5      | Noticed Edmund
  6896 | D:5      | Reached skill level 7 in Fighting
  6914 | D:5      | HP: 3/73 [Edmund/+2 flail of venom (3)]
  6915 | D:5      | HP: 1/73 [poisoned by Edmund]
  6922 | D:5      | HP: 3/73 [poisoned by Edmund]
  6922 | D:5      | Mangled by Edmund

Vault maps used:
D:1:      dpeg_arrival_brainrot
D:2:      old_standard_altar, serial_bayou_crossing
D:3:      first_ration, uniq_terence
D:4:      cheibrodos_barr_body, grunt_temple_overflow_diamond
D:5:      lightli_sewer_entry_pipes, uniq_duvessa, uniq_edmund

Skill      XL: |  1  2  3  4  5  6  7  8 |
---------------+-------------------------+-----
Charms         | 3 4 |  4.7
Fighting       | 3 4 5 6 7 |  7.0
Long Blades    | 3 4 |  4.6
Dodging        | 3 4 |  4.3
Spellcasting   | 3 4 |  4.0

Action                   |  1- 3 |  4- 6 |  7- 9 || total
-------------------------+-------+-------+-------++-------
Melee: Falchion          |   121 |    45 |       ||   166
       Tailslap          |    16 |    22 |    34 ||    72
       Scimitar          |       |   167 |   182 ||   349
Throw: Stone             |       |    10 |       ||    10
 Cast: Infusion          |     2 |       |     1 ||     3
       Song of Slaying   |       |     3 |     1 ||     4
Invok: Potion Petition   |       |       |     1 ||     1
 Abil: Breathe Fire      |       |       |     3 ||     3
  Use: Potion            |       |     1 |     9 ||    10
       Scroll            |       |       |     1 ||     1
 Stab: Sleeping          |       |     1 |     2 ||     3
  Eat: Chunk             |     5 |     7 |     3 ||    15
       Ration            |       |     1 |     1 ||     2
Armor: Skin              |    56 |    82 |    67 ||   205
Dodge: Dodged            |    98 |   175 |   183 ||   456
       Rpst.: Falchion   |    23 |     6 |       ||    29
       Scimitar          |       |    45 |    54 ||    99

Table legend:
 A = Non-vault XP
 B = Vault XP
 C = Vault XP percentage of total XP
 D = Non-vault monster count
 E = Vault monster count
 F = Vault count percentage of total count
                 A         B        C        D         E       F
            +---------+---------+-------+---------+---------+-------
      Total |    1581 |     425 |  21.2 |     121 |      21 |  14.8
            +---------+---------+-------+---------+---------+-------
        D:1 |      41 |       5 |  10.9 |      21 |       1 |   4.5
        D:2 |      88 |       0 |   0.0 |      24 |       0 |   0.0
        D:3 |     216 |      36 |  14.3 |      25 |       1 |   3.8
        D:4 |     662 |      97 |  12.8 |      24 |      10 |  29.4
        D:5 |     574 |     287 |  33.3 |      27 |       9 |  25.0
            +---------+---------+-------+---------+---------+-------
